AoeStats
← swoz

Black Forest

507752428Analyzed
3v3 RM · 13d ago on Sep 19, 2026· 40m 41s· 6 players
Game mode
Random Map
Map size
Normal (6 player)
Population
200
Speed
Normal
Resources
Standard
Victory
Conquest
Starting age
Dark Age
Ending age
Imperial Age
RankedLock teamsTeams togetherTeam positionsShared explorationLock speedFull tech treeHidden civsTurbo modeCheats
Victory
Defeat
🇩🇪 Slavs · Germany
954
+46
🇬🇧 Spanish · United Kingdom
931
+17
🇩🇪 Britons · Germany
912
+17
🇩🇪 Persians · Germany
962
-17
🇩🇪 Inca · Germany
948
-17
🇩🇪 Britons · Germany
923
-16
DonLeberkaso
2:36 Loom
10:17 Feudal Age
10:55 Double-Bit Axe
12:49 Horse Collar
16:22 Town Watch
19:26 Castle Age
17:44 Fletching
18:28 Padded Archer Armor
22:22 Heavy Plow
25:48 Bow Saw
26:49 Wheelbarrow
28:56 Leather Archer Armor
29:02 Bodkin Arrow
29:50 Hand Cart
31:29 Town Patrol
34:13 Ballistics
36:47 Imperial Age
35:50 Yeomen
38:16 Conscription
38:47 Capped Ram
38:50 Elite Longbowman
Queen of Aragon
0:30 Loom
13:22 Feudal Age
13:55 Double-Bit Axe
14:59 Wheelbarrow
14:10 Town Watch
14:31 Horse Collar
14:45 Gold Mining
16:13 Man-at-Arms
20:33 Bloodlines
22:23 Stone Mining
25:43 Castle Age
23:58 Forging
24:17 Scale Barding Armor
25:49 Pikeman
26:47 Hand Cart
26:46 Bow Saw
26:11 Light Cavalry
27:13 Heavy Plow
28:54 Squires
28:23 Long Swordsman
32:51 Gold Shaft Mining
34:22 Scale Mail Armor
34:58 Iron Casting
35:26 Detinets
38:01 Fletching
39:13 Caravan
43:11 Imperial Age
Mystiic Zephire
12:22 Feudal Age
13:10 Horse Collar
13:22 Double-Bit Axe
16:34 Castle Age
18:33 Heavy Plow
20:08 Bow Saw
31:49 Imperial Age
29:57 Wheelbarrow
29:18 Gold Mining
29:19 Stone Mining
32:37 Scale Barding Armor
32:33 Scale Mail Armor
32:56 Ballistics
33:37 Chemistry
33:18 Caravan
34:57 Chain Barding Armor
34:53 Chain Mail Armor
35:38 Hand Cart
36:26 Bloodlines
36:17 Husbandry
37:13 Elite Conquistador
38:36 Plate Mail Armor
39:43 Plate Barding Armor
40:13 Conscription
swoz
11:41 Feudal Age
13:10 Loom
15:56 Castle Age
14:40 Double-Bit Axe
14:36 Horse Collar
18:53 Fletching
19:53 Wheelbarrow
21:25 Hand Cart
25:07 Bodkin Arrow
25:12 Padded Archer Armor
31:46 Heavy Plow
31:59 Bow Saw
33:43 Stone Mining
33:45 Gold Mining
34:45 Leather Archer Armor
39:43 Yeomen
40:49 Gold Shaft Mining
wallycrush
12:04 Feudal Age
18:30 Horse Collar
18:36 Double-Bit Axe
21:08 Castle Age
21:35 Gold Mining
21:36 Stone Mining
23:04 Heavy Plow
23:15 Bow Saw
24:43 Champi Runner
25:29 Squires
25:15 Arson
29:54 Gold Shaft Mining
29:59 Champi Warrior
39:52 Forging
39:42 Scale Mail Armor
Beritch
10:17 Feudal Age
15:29 Castle Age
14:56 Double-Bit Axe
16:23 Horse Collar
23:34 Gold Mining
23:50 Heavy Plow
24:01 Bow Saw
24:43 Forging
24:40 Scale Barding Armor
30:10 Gold Shaft Mining
29:29 Stone Mining
31:23 Stone Shaft Mining
32:54 Iron Casting
32:39 Chain Barding Armor
34:04 Wheelbarrow
35:25 Hand Cart
38:24 Imperial Age
36:35 Husbandry
36:48 Bloodlines
39:14 Conscription
38:19 Elite War Elephant
39:15 Guilds
40:39 Blast Furnace
Connection lost

Rejoining the realm…

Still unreachable

The connection could not be restored.

Session expired

The server has moved on; the page needs a fresh start.